 Dungeon Crawl Stone Soup version 0.17.1-1-g73c8601 (webtiles) character file.

28903 leanandre the Fighter (level 13, 0/146 HPs)
             Began as an Ogre Monk on Apr 27, 2016.
             Was a High Priest of the Shining One.
             Slain by a merfolk
             ... wielding a +0 trident
              (1 damage)
             ... on level 1 of the Shoals.
             The game lasted 01:33:37 (18515 turns).

leanandre the Fighter (Ogre Monk)                  Turns: 18515, Time: 01:33:42

Health: 0/146      AC: 13    Str: 19    XL:     13   Next: 41%
Magic:  0/22       EV: 18    Int:  9    God:    the Shining One [*****.]
Gold:   855        SH:  0    Dex: 16    Spells: 0 memorised, 12 levels left

rFire  . . .     SeeInvis .       - Unarmed
rCold  . . .     Clarity  .     a - +2 robe
rNeg   + + .     SustAt   .     (no shield)
rPois  .         Gourm    .     z - +2 hat
rElec  .         Spirit   +     i - +1 cloak
rCorr  .         Warding  .     (gloves unavailable)
rMut   .         Stasis   .     (boots unavailable)
MR     +....                    k - amulet of guardian spirit
Stlth  +.........               l - +4 ring of protection
                                h - ring of magical power

@: about to teleport, flying, glowing, somewhat resistant to hostile
enchantments, very unstealthy
A: unfitting armour, tough skin 1
a: Divine Shield, Cleansing Flame, Summon Divine Warrior, Renounce Religion


You were on level 1 of the Shoals.
You worshipped the Shining One.
The Shining One was extremely pleased with you.
You were not hungry.

You visited 4 branches of the dungeon, and saw 18 of its levels.

You collected 1275 gold pieces.
You spent 420 gold pieces at shops.

Inventory:

Armour
 a - a +2 robe (worn)
 i - a +1 cloak (worn)
 z - a +2 hat (worn)
Jewellery
 c - an uncursed ring of positive energy
 f - an uncursed ring of protection from cold
 h - a ring of magical power (left hand)
 k - an amulet of guardian spirit (around neck)
 l - a +4 ring of protection (right hand)
 u - an uncursed ring of sustain attributes
Wands
 e - a wand of fire (7)
 o - a wand of fire (8)
 q - a wand of polymorph (10)
 w - a wand of disintegration (7)
 x - a wand of cold (11)
 C - a wand of fire (4)
Scrolls
 d - a scroll of teleportation
 g - 11 scrolls of remove curse
 s - 4 scrolls of fog
 y - a scroll of magic mapping
Potions
 j - 12 potions of curing
 D - a potion of agility
Comestibles
 b - 13 bread rations
 m - 4 royal jellies
 n - 35 fruits
 p - 3 beef jerkies
 v - 4 meat rations


   Skills:
 * Level 14.0 Fighting
 * Level 13.0 Dodging
 - Level 4.7 Stealth
 * Level 12.2 Unarmed Combat


You had 12 spell levels left.
You didn't know any spells.

Dungeon Overview and Level Annotations

Branches:
Dungeon (12/15)            Temple (1/1) D:4            Lair (4/8) D:11
 Shoals (1/4) Lair:4          Orc (0/4) D:9
  Snake: Lair:3-6    Spider: Lair:3-6

Altars:
Ashenzari
Cheibriados
Dithmenos
Elyvilon
Fedhas
Gozag
Kikubaaqudgha
Makhleb
Nemelex Xobeh
Okawaru
Qazlal
Ru
Sif Muna
Trog
Vehumet
Xom
Yredelemnul
Zin
The Shining One

Shops:
D:10 %

Annotations:
D:4 Icer's ghost, amateur MiFi


Innate Abilities, Weirdness & Mutations

You are too large for most types of armour.
You have tough skin (AC +1).


Message History

The harpies are blown away by the wind.
Read which item? (? for menu, Esc to quit)
As you read the scroll of summoning, it crumbles to dust.
Wisps of shadow whirl around you... The harpy barely misses you.
The harpy closely misses you.
The merfolk hits you from afar with a trident!
* * * LOW HITPOINT WARNING * * *
The wind drake exhales a fierce blast of wind!
The wind drake summons a great blast of wind!
You are blown backwards!
The harpies are blown away by the wind. 2 harpies and a merfolk come into view.
Read which item? (? for menu, Esc to quit)
As you read the scroll of teleportation, it crumbles to dust.
You feel strangely unstable. The harpy completely misses you.
The harpy barely misses you. The harpy misses you. The harpy barely misses you.
The griffon bites your manticore!
The griffon pecks your manticore but does no damage.
The griffon claws your manticore.
The merfolk hits you from afar with a trident.
You die...

≈≈≈≈,***,,≈≈≈≈≈≈≈≈≈≈≈≈≈≈≈≈≈≈≈≈≈≈≈
,≈≈≈≈,**,......≈≈≈≈≈≈H≈≈≈≈≈≈≈≈≈≈≈
,≈≈≈≈≈,,,.....≈≈≈≈≈≈≈≈≈≈≈≈≈≈≈≈≈≈≈
≈≈,,≈≈≈..##..≈≈≈≈≈≈≈HH≈≈≈≈≈≈≈≈≈≈≈
≈≈≈≈≈≈≈≈..#..≈≈≈.≈≈≈≈≈≈≈≈≈≈≈≈≈≈≈≈
≈≈≈≈≈≈≈≈≈....≈≈≈≈..≈≈≈≈≈≈≈≈≈≈≈≈≈≈
≈≈≈≈≈≈≈≈≈≈≈≈≈≈≈≈≈..≈≈≈≈≈≈≈≈≈≈≈≈≈≈
≈≈≈≈≈≈≈≈≈≈≈≈.S≈HHm≈≈≈..≈≈≈≈≈≈≈≈≈≈
≈≈≈≈≈≈≈≈≈≈≈≈.≈≈≈@≈≈.....,≈≈≈≈≈≈≈≈
≈≈≈≈≈≈≈≈≈≈≈≈≈≈≈k≈≈..##..,≈≈≈≈≈≈≈≈
≈≈≈≈≈≈≈≈≈≈≈≈≈≈≈km≈..#***,,≈≈≈≈≈≈≈
≈≈≈≈≈≈≈≈≈≈.≈≈≈≈≈H≈..## *,,≈≈≈≈≈≈≈
≈≈≈≈≈≈≈≈≈≈≈≈≈≈≈≈≈H...###,,≈≈≈≈≈≈≈
≈≈≈≈≈≈≈≈≈≈≈≈≈≈≈≈≈≈≈.....≈≈≈≈≈≈≈≈≈
≈≈≈≈≈≈≈≈≈≈≈≈≈≈≈≈≈m≈≈≈..≈≈≈≈≈≈≈≈≈≈
,≈≈≈≈≈≈≈≈≈≈≈≈≈.≈≈≈≈≈≈≈≈≈≈≈≈≈≈≈≈≈≈
*,≈,≈≈≈≈≈≈≈≈≈..≈≈≈≈≈≈≈≈≈≈≈≈≈≈≈≈≈≈


You could see a griffon, 2 wind drakes, 2 merfolk, 5 harpies, a friendly sea
snake, a friendly merfolk and a friendly manticore.

Vanquished Creatures
  Gastronok (D:11)
  Snorg (D:11)
  3 hydras (Lair:4)
  The ghost of weedlayer the Nimble, a journeyman KoBe of Trog (D:11)
  An unseen horror (D:12)
  A sea snake (Shoals:1)
  Pikel (D:5)
  A hill giant (D:12)
  A griffon (Lair:4)
  3 fauns (Shoals:1)
  An ugly thing (D:12)
  2 manticores
  4 spiny frogs
  A centaur zombie (D:10)
  3 black mambas
  2 gargoyles
  Psyche (D:12)
  4 komodo dragons
  A wind drake (Shoals:1)
  3 blink frogs (Lair:4)
  A snapping turtle (Lair:4)
  Sigmund (D:5)
  A shadow (D:11)
  4 hungry ghosts
  3 hippogriffs
  16 yaks
  14 centaurs
  A steam dragon (D:10)
  2 deep elf magi
  A basilisk (Lair:1)
  Menkaure (D:7)
  A mottled dragon (Lair:2)
  6 wolves (Lair:2)
  4 water moccasins
  3 porcupines
  A slave (D:5)
  3 phantoms
  6 ice beasts
  5 orc warriors
  2 black bears
  A necrophage (D:11)
  3 sky beasts
  4 ogres
  9 crocodiles
  3 big kobolds
  16 giant frogs
  11 scorpions
  2 electric eels
  3 killer bees (D:9)
  12 wights
  2 crimson imps
  2 quasits
  4 hounds
  The ghost of weedlayer the Ruffian, a weakling VSTm (D:3)
  3 jellies
  8 orc wizards
  A wasp zombie (D:8)
  4 giant frog skeletons
  8 worker ants
  2 centaur skeletons
  5 iguanas
  2 orc priests
  A killer bee zombie (D:10)
  2 hound skeletons
  7 gnolls
  21 river rats
  8 adders
  2 shadow imps
  2 oozes (D:3)
  An adder zombie (D:7)
  2 adder skeletons
  3 worms
  4 giant geckos
  26 orcs
  5 hobgoblins
  9 jackals
  5 quokkas
  A ball python (D:1)
  12 bats
  4 giant cockroaches
  4 giant newts
  7 goblins
  A jackal skeleton (D:4)
  A jackal zombie (D:5)
  24 kobolds
  2 quokka skeletons
  7 rats
379 creatures vanquished.

Vanquished Creatures (others)
  A slave (D:5)
  2 fungi (Lair:2)
  2 plants
5 creatures vanquished.

Grand Total: 384 creatures vanquished

Notes
Turn   | Place    | Note
--------------------------------------------------------------
     0 | D:1      | leanandre the Ogre Monk began the quest for the Orb.
     0 | D:1      | Reached XP level 1. HP: 24/24 MP: 1/1
   244 | D:1      | Reached XP level 2. HP: 32/32 MP: 2/2
   853 | D:1      | Reached XP level 3. HP: 35/40 MP: 3/3
  1504 | D:2      | Found a basalt altar of Yredelemnul.
  1942 | D:3      | You fall through a shaft for 2 floors!
  1942 | D:5      | Entered Level 5 of the Dungeon
  1976 | D:5      | Noticed a slave
  1978 | D:5      | Noticed Pikel
  1978 | D:5      | Noticed a slave
  1979 | D:5      | Noticed a slave
  1979 | D:5      | Noticed a slave
  2042 | D:5      | Noticed Sigmund
  2042 | D:5      | Noticed an ogre
  2080 | D:5      | Reached XP level 4. HP: 17/49 MP: 4/4
  2097 | D:5      | You fall through a shaft for 2 floors!
  2097 | D:7      | Noticed a black bear
  2108 | D:7      | HP: 1/49 [black bear (3)]
  2133 | D:7      | Noticed an ice beast
  2133 | D:7      | Noticed a hungry ghost
  2347 | D:6      | Noticed a phantom
  2372 | D:5      | Noticed a centaur
  2381 | D:4      | Noticed Icer's ghost (amateur MiFi)
  2720 | D:3      | Reached XP level 5. HP: 4/55 MP: 1/5
  3202 | D:3      | Noticed weedlayer's ghost (weakling VSTm)
  3228 | D:3      | Killed weedlayer's ghost
  3228 | D:3      | Reached skill level 5 in Fighting
  3430 | D:3      | Found an opulent altar of Gozag.
  3508 | D:3      | Noticed a giant frog
  3521 | D:3      | Killed a giant frog
  3521 | D:3      | Reached XP level 6. HP: 37/66 MP: 3/6
  4026 | D:4      | Found a staircase to the Ecumenical Temple.
  4032 | Temple   | Entered the Ecumenical Temple
  4083 | Temple   | Became a worshipper of the Shining One
  4083 | Temple   | Reached * piety under the Shining One
  4083 | Temple   | Reached ** piety under the Shining One
  4188 | D:4      | Noticed a scorpion
  4214 | D:4      | Killed a scorpion
  4220 | D:4      | Gained mutation: You can spit weak poison. [potion of mutation]
  4220 | D:4      | Gained mutation: You can translocate small distances at will. [potion of mutation]
  4220 | D:4      | Gained mutation: You are partially covered in yellow scales (AC +2). [potion of mutation]
  4457 | D:4      | Reached skill level 6 in Fighting
  4457 | D:4      | Reached XP level 7. HP: 52/75 MP: 5/7
  4466 | D:4      | Reached skill level 5 in Unarmed Combat
  4659 | D:4      | Found an iron altar of Okawaru.
  4731 | D:5      | Killed Sigmund
  4731 | D:5      | Reached skill level 5 in Dodging
  4738 | D:5      | Killed an ogre
  4862 | D:5      | Killed a slave
  4878 | D:5      | Killed Pikel
  4878 | D:5      | Reached skill level 7 in Fighting
  4878 | D:5      | Reached XP level 8. HP: 64/87 MP: 6/8
  5010 | D:5      | Killed a freed slave
  5271 | D:5      | Killed a centaur
  5296 | D:5      | Found a shimmering altar of Xom.
  5296 | D:5      | Found a snail-covered altar of Cheibriados.
  5585 | D:6      | Killed a phantom
  5585 | D:6      | Reached XP level 9. HP: 70/96 MP: 9/9
  5614 | D:6      | Noticed a giant frog
  5619 | D:6      | Killed a giant frog
  5619 | D:6      | Reached skill level 8 in Fighting
  5621 | D:6      | Found a shattered altar of Ashenzari.
  5621 | D:6      | Noticed a centaur
  5628 | D:6      | Killed a centaur
  5637 | D:6      | Noticed an orc warrior
  5666 | D:6      | Killed an orc warrior
  5906 | D:6      | Noticed a water moccasin
  5911 | D:6      | Killed a water moccasin
  5984 | D:6      | Noticed an orc warrior
  5999 | D:6      | Killed an orc warrior
  6276 | D:7      | Noticed Menkaure
  6283 | D:7      | Killed Menkaure
  6307 | D:7      | Killed a hungry ghost
  6696 | D:7      | Killed an ice beast
  6697 | D:7      | Killed a black bear
  6800 | D:7      | Noticed a hungry ghost
  6814 | D:7      | Killed a hungry ghost
  6814 | D:7      | Reached skill level 9 in Fighting
  6950 | D:8      | Lost mutation: You can spit weak poison. [potion of cure mutation]
  6950 | D:8      | Lost mutation: You can translocate small distances at will. [potion of cure mutation]
  6950 | D:8      | Lost mutation: You are partially covered in yellow scales (AC +2). [potion of cure mutation]
  7029 | D:8      | Reached *** piety under the Shining One
  7056 | D:8      | Reached XP level 10. HP: 56/107 MP: 5/10
  7503 | D:8      | Found a glowing silver altar of Zin.
  7695 | D:9      | Found a staircase to the Orcish Mines.
  7750 | D:9      | Found a shadowy altar of Dithmenos.
  7914 | D:9      | Reached skill level 10 in Fighting
  8556 | D:9      | Reached **** piety under the Shining One
  8994 | D:10     | Entered Level 10 of the Dungeon
  9008 | D:10     | Found Yreoca's Food Emporium.
  9025 | D:10     | Bought a bread ration for 70 gold pieces
  9025 | D:10     | Bought a bread ration for 70 gold pieces
  9025 | D:10     | Bought a bread ration for 70 gold pieces
  9025 | D:10     | Bought a royal jelly for 28 gold pieces
  9025 | D:10     | Bought 2 fruits for 42 gold pieces
  9025 | D:10     | Bought a bread ration for 70 gold pieces
  9025 | D:10     | Bought a bread ration for 70 gold pieces
  9042 | D:10     | Noticed a catoblepas
  9104 | D:10     | Found an iron altar of Okawaru.
  9184 | D:10     | Noticed Psyche
  9199 | D:10     | Reached XP level 11. HP: 99/119 MP: 11/11
  9211 | D:10     | Reached skill level 10 in Dodging
 10988 | D:10     | Reached skill level 11 in Fighting
 11149 | D:11     | HP: 5/120 [black bear (4)]
 11518 | D:11     | Noticed Gastronok
 11545 | D:11     | Reached ***** piety under the Shining One
 11574 | D:11     | Killed Gastronok
 11574 | D:11     | Reached skill level 10 in Unarmed Combat
 11825 | D:11     | Found a staircase to the Lair.
 11997 | D:11     | Noticed Snorg
 12016 | D:11     | Killed Snorg
 12063 | D:11     | Noticed weedlayer's ghost (journeyman KoBe)
 12349 | D:11     | Killed weedlayer's ghost
 12349 | D:11     | Reached skill level 12 in Fighting
 12349 | D:11     | Reached XP level 12. HP: 93/132 MP: 10/12
 12883 | D:12     | Killed Psyche
 13524 | Lair:1   | Entered Level 1 of the Lair of Beasts
 13737 | Lair:1   | Reached skill level 13 in Fighting
 15231 | Lair:2   | You fall through a shaft for 2 floors!
 15234 | Lair:4   | Noticed a six-headed hydra
 15250 | Lair:4   | Killed a six-headed hydra
 15397 | Lair:4   | Noticed an eight-headed hydra
 15414 | Lair:4   | Killed an eight-headed hydra
 15414 | Lair:4   | Reached XP level 13. HP: 67/144 MP: 9/13
 15587 | Lair:4   | Noticed a seven-headed hydra
 15608 | Lair:4   | Killed a seven-headed hydra
 17625 | Lair:4   | Found a staircase to the Shoals.
 17850 | Shoals:1 | Entered Level 1 of the Shoals
 18017 | Shoals:1 | Reached skill level 14 in Fighting
 18472 | Shoals:1 | Noticed a merfolk impaler
 18502 | Shoals:1 | HP: 3/146 [merfolk/trident (16)]
 18514 | Shoals:1 | HP: 1/146 [merfolk/trident (8)]
 18515 | Shoals:1 | Slain by a merfolk

Action                   |  1- 3 |  4- 6 |  7- 9 | 10-12 | 13-15 || total
-------------------------+-------+-------+-------+-------+-------++-------
Melee: Unarmed           |   145 |   285 |   424 |   958 |   236 ||  2048
Evoke: Wand              |       |       |       |     7 |     1 ||     8
  Use: Scroll            |    10 |     4 |     8 |    24 |     7 ||    53
       Potion            |     2 |     4 |     6 |     8 |     6 ||    26
 Stab: Sleeping          |     5 |     1 |       |       |       ||     6
       Distracted        |       |       |       |     1 |       ||     1
  Eat: Chunk             |     2 |     7 |     6 |     4 |     3 ||    22
       Beef jerky        |     1 |       |     1 |       |       ||     2
       Pizza             |       |     1 |     1 |     1 |       ||     3
       Fruit             |       |       |     2 |     1 |       ||     3
       Bread ration      |       |       |     1 |     1 |       ||     2
       Meat ration       |       |       |     1 |     4 |     1 ||     6
